AoeStats
← Goku_San

MegaRandom

509295831Analyzed
4v4 RM · 6d ago on Sep 26, 2026· 52m 5s· 8 players
Game mode
Random Map
Map size
Large (8 player)
Population
200
Speed
Normal
Resources
Standard
Victory
Conquest
Starting age
Dark Age
Ending age
Imperial Age
RankedLock teamsTeams togetherTeam positionsShared explorationLock speedFull tech treeHidden civsTurbo modeCheats
Victory
Defeat
🇨🇳 Persians · China
1414
+11
🇻🇳 Mongols · Vietnam
1335
+14
🇨🇳 Vietnamese · China
1316
+15
🇨🇳 Burgundians · China
1244
+18
🇺🇸 Saxons · United States
1368
-18
🇮🇱 Britons · Israel
1314
-15
🇨🇳 Ethiopians · China
1266
-13
🇺🇸 Italians · United States
1226
-12
Chut Pro
10:34 Feudal Age
9:00 Loom
12:34 Scale Barding Armor
15:39 Forging
22:04 Castle Age
20:08 Double-Bit Axe
20:04 Horse Collar
28:53 Imperial Age
31:20 Chain Barding Armor
32:07 Fletching
38:28 Gold Mining
39:24 Bodkin Arrow
39:30 Padded Archer Armor
41:29 Wheelbarrow
41:35 Conscription
41:58 Bow Saw
43:06 Heavy Scorpion
44:31 Ballistics
44:30 Capped Ram
45:37 Drill
46:54 Chemistry
46:51 Padded Archer Armor
48:26 Sappers
49:20 Hand Cart
50:45 Siege Ram
哈偶纳尼
6:27 Loom
9:07 Feudal Age
11:38 Double-Bit Axe
19:11 Fletching
20:45 Padded Archer Armor
29:05 Castle Age
29:27 Crossbowman
30:12 Thumb Ring
31:44 Leather Archer Armor
32:47 Bodkin Arrow
35:43 Thumb Ring
39:42 Bow Saw
41:32 Elite Skirmisher
42:37 Stone Mining
43:37 Ballistics
46:47 Caravan
47:19 Coinage
47:22 Horse Collar
54:21 Imperial Age
征南大将军
6:29 Loom
8:58 Feudal Age
10:52 Double-Bit Axe
10:48 Horse Collar
17:51 Gold Mining
21:37 Castle Age
20:34 Bloodlines
20:32 Scale Barding Armor
20:37 Forging
23:23 Bow Saw
27:26 Husbandry
28:49 Wheelbarrow
28:16 Heavy Plow
30:12 Chain Barding Armor
29:58 Stone Mining
32:17 Hand Cart
31:48 Town Watch
33:18 Iron Casting
34:19 Gold Shaft Mining
37:22 Imperial Age
35:34 Town Patrol
37:06 Cavalier
38:23 Plate Barding Armor
38:48 Blast Furnace
38:12 Conscription
38:34 Savar
39:40 Light Cavalry
40:16 Fletching
41:08 Stone Shaft Mining
41:06 Crop Rotation
41:37 Two-Man Saw
40:16 Capped Ram
40:34 Hussar
44:25 Citadels
44:58 Ballistics
45:38 Chemistry
44:49 Masonry
47:17 Medium Warships
48:28 Heavy Warships
XY
1:55 Loom
10:46 Feudal Age
12:15 Double-Bit Axe
13:25 Gold Mining
14:58 Horse Collar
17:21 Castle Age
15:53 Bow Saw
16:23 Heavy Plow
17:03 Scale Barding Armor
17:08 Forging
18:27 Husbandry
18:49 Cavalier
26:48 Wheelbarrow
28:38 Two-Man Saw
29:07 Chain Barding Armor
29:43 Gold Shaft Mining
30:56 Hand Cart
33:20 Iron Casting
33:42 Burgundian Vineyards
36:06 Cavalier
37:44 Stone Mining
47:44 Imperial Age
47:45 Paladin
49:17 Plate Barding Armor
49:42 Blast Furnace
52:02 Conscription
木
7:04 Loom
9:29 Feudal Age
10:20 Double-Bit Axe
13:37 Fletching
17:58 Padded Archer Armor
22:15 Castle Age
21:04 Horse Collar
22:20 Crossbowman
22:55 Bodkin Arrow
23:16 Bow Saw
23:59 Leather Archer Armor
26:23 Ballistics
29:58 Wheelbarrow
30:06 Thumb Ring
36:53 Imperial Age
37:39 Bracer
39:17 Arbalester
42:51 Chemistry
Goku_San
6:31 Loom
9:31 Feudal Age
10:14 Double-Bit Axe
12:37 Fletching
15:05 Padded Archer Armor
15:18 Gold Mining
22:35 Castle Age
22:00 Horse Collar
23:59 Bodkin Arrow
23:27 Crossbowman
27:23 Wheelbarrow
27:04 Bow Saw
27:48 Pikeman
30:19 Squires
32:26 Scale Mail Armor
32:37 Forging
33:07 Leather Archer Armor
33:50 Gold Shaft Mining
33:05 Stone Mining
34:24 Ballistics
36:00 Chain Mail Armor
39:26 Iron Casting
47:03 Imperial Age
47:14 Arbalester
48:23 Bracer
49:29 Ring Archer Armor
48:27 Halberdier
51:47 Plate Mail Armor
52:19 Conscription
sbr
2:13 Loom
12:15 Feudal Age
16:42 Castle Age
14:45 Double-Bit Axe
14:45 Fishing Lines
19:44 Gillnets
20:46 Crossbowman
24:52 Fletching
25:03 Padded Archer Armor
30:09 Gold Mining
30:32 Bow Saw
30:27 Bodkin Arrow
31:51 Padded Archer Armor
35:04 Imperial Age
33:18 Pikeman
35:57 Wheelbarrow
35:58 Ballistics
36:43 Chemistry
35:45 Bracer
36:09 Conscription
38:06 Two-Man Saw
37:54 Leather Archer Armor
37:50 Forging
37:40 Scale Mail Armor
38:30 Forging
39:40 Squires
39:25 Arson
40:37 Elite Genoese Crossbowman
45:04 Light Cavalry
45:54 Bloodlines
45:45 Husbandry
46:16 Ring Archer Armor
46:22 Iron Casting
45:52 Scale Barding Armor
45:20 Onager
46:07 Hussar
50:25 Blast Furnace
49:45 Chain Barding Armor
50:18 Hand Cart
49:49 Town Watch
BlueIce
8:25 Loom
11:16 Feudal Age
15:28 Castle Age
16:43 Double-Bit Axe
20:55 Bow Saw
24:10 Gambesons
27:24 Scale Mail Armor
30:00 Forging
31:05 Chain Mail Armor
35:05 Squires
36:54 Wheelbarrow
39:17 Imperial Age
38:05 Iron Casting
40:05 Wheelbarrow
43:47 Hand Cart
Connection lost

Rejoining the realm…

Still unreachable

The connection could not be restored.

Session expired

The server has moved on; the page needs a fresh start.